 Dungeon Crawl Stone Soup version 0.31-a0-435-g2c6fae2916 (webtiles) character file.

Game seed: 12511678548299070896

67 LeprechaunX the Ruffian (level 4, -6/29 HPs)
             Began as an Octopode Shapeshifter on Aug 1, 2023.
             Killed from afar by Ijyb (13 damage)
             ... with a bolt of acid
             ... on level 3 of the Dungeon.
             The game lasted 00:01:22 (1645 turns).

LeprechaunX the Ruffian (Octopode Shapeshifter)     Turns: 1645, Time: 00:01:23

Health: -6/29      AC:  1    Str: 16    XL:     4   Next: 18%
Magic:  4/4        EV: 13    Int: 10    God:
Gold:   81         SH:  0    Dex: 12    Spells: 3/3 levels left

rFire   . .          .
                       - Unarmed
rCold   . . .        (no shield)
rNeg    . . .        (helmet currently unavailable)
rPois   .            (no amulet)
rElec   .            (no ring)
rCorr   .            (no ring)
SInv    .            (no ring)
Will    .....        (no ring)
Stlth   ++           (no ring)
HPRegen 0.24/turn    (no ring)
MPRegen 0.09/turn    (no ring)
                     (no ring)

%: no passive effects
@: beast-form
A: beast (slay +2), almost no armour, amphibious, 8 rings, camouflage 1,
gelatinous body 1, (nimble swimmer 1), tentacles
a: Begin Untransformation


You were on level 3 of the Dungeon.
You were a hulking beast.
You visited 1 branch of the dungeon, and saw 3 of its levels.

You collected 81 gold pieces.

Inventory:

Talismans
 b - a beast talisman (active)
Scrolls
 c - a scroll of noise {unknown}
 e - a scroll of identify {unknown}
 g - a scroll of vulnerability {unknown}
 h - a scroll of teleportation {unknown}
 j - a scroll of poison {unknown}
 k - a scroll of revelation {unknown}
Potions
 a - a potion of lignification
 d - a potion of might {unknown}
 f - a potion of brilliance {unknown}
 i - a potion of curing {unknown}


   Skills:
 + Level 2.0 Fighting
 + Level 2.7 Dodging
 + Level 3.5 Unarmed Combat
 + Level 3.4 Shapeshifting


You had 3 spell levels left.
You didn't know any spells.
Your spell library was empty.

Dungeon Overview and Level Annotations

Branches:
Dungeon (3/15)

Altars:

Annotations:
D:3 Ijyb


Innate Abilities, Weirdness & Mutations

You are a hulking beast.
Your limbs bulge with bestial killing power. (Slay +2)
You cannot wear most types of armour.
You are amphibious.
You can wear up to eight rings at the same time.
Your skin changes colour to match your surroundings (Stealth+).
Your rubbery body absorbs attacks. (AC +1, EV +1)
((You are camouflaged when in or above water. (Stealth+)))
You have tentacles for arms and can constrict up to eight enemies at once.


Message History

Done exploring.
(D) Dungeon
Where to? (Enter - D:2, ? - help)
There is an open door here.
There is an open door here.
There is a stone staircase leading down here.
You climb downwards.
Found 3 scrolls labelled JACARU QUQYKK.
There is a stone staircase leading up here.
Ijyb is nearby!
Ijyb is nearby!
Ijyb is nearby!
The helpless Ijyb fails to defend herself.
You tentacle-slap Ijyb. Your grab misses Ijyb.
Ijyb is lightly wounded.
You tentacle-slap Ijyb but do no damage.
Your grab misses Ijyb.
Your tentacle-slap misses Ijyb.
Ijyb is lightly wounded.
Ijyb zaps a wand.
The bolt of acid hits you!!
Ouch! That really hurt!
You are too injured to fight recklessly!
You are too injured to fight recklessly!
You are too injured to fight recklessly!
Unknown command.
You tentacle-slap Ijyb. You grab Ijyb. Your squeeze misses Ijyb.
Ijyb is lightly wounded.
You constrict Ijyb, but do no damage. Ijyb hits you with a +0 club.
* * * LOW HITPOINT WARNING * * *
A giant cockroach comes into view.
Unknown command.
You tentacle-slap Ijyb but do no damage.
You tentacle-slap Ijyb.
Ijyb is moderately wounded.
You constrict Ijyb, but do no damage. Ijyb closely misses you.
Unknown command.
You bludgeon Ijyb! You squeeze Ijyb.
Ijyb is almost dead.
You constrict Ijyb, but do no damage.
Ijyb zaps a wand.
The bolt of acid hits you!
You die...

#.# #.# #.# #..
# #.# ####.##.#
.....Bg.# #
####.##h#.#####
.......<.......
####...........
######......
.....# ..#...
.?..# ....# ##.


You could see Ijyb and a giant cockroach.

Vanquished Creatures
  2 adders (D:2)
  A worm (D:2)
  6 bats
  4 endoplasms
  3 giant cockroaches
  5 goblins
  4 hobgoblins
  3 jackals (D:1)
  2 kobolds (D:2)
  A quokka (D:2)
  4 ball pythons
  3 frilled lizards
  6 rats
44 creatures vanquished.

Notes
Turn   | Place    | Note
-------+----------+-------------------------------------------
     0 | D:1      | LeprechaunX the Octopode Shapeshifter began the quest for
                  | the Orb.
     0 | D:1      | Reached XP level 1. HP: 13/13 MP: 1/1
    50 | D:1      | Reached XP level 2. HP: 18/18 MP: 2/2
   638 | D:1      | Reached XP level 3. HP: 19/23 MP: 3/3
   656 | D:1      | You fall into a shaft and drop 1 floor!
  1303 | D:2      | Reached XP level 4. HP: 28/29 MP: 4/4
  1612 | D:2      | Found a faded altar of an unknown god.
  1639 | D:3      | Noticed Ijyb
  1645 | D:3      | Killed from afar by Ijyb

Illustrated notes

Levels and vault maps discovered:
D:1:      minmay_arrival_five_plusses, layout_basic, serial_rivers,
          chequers_serial_rivers_large_a, chequers_serial_rivers_small_b,
          chequers_serial_rivers_marsh, chequers_serial_rivers_small_3,
          chequers_serial_rivers_micro_d, chequers_serial_rivers_small_a
D:2:      layout_basic, dilly_ecumenical_altar_fadedgnrine
D:3:      layout_basic, mainiacjoe_overflow_concentric_impassable,
          nicolae_ru_awakened_eye, kennysheep_generic_room_3, uniq_ijyb

Skill      XL: |  1  2  3  4 |
---------------+-------------+-----
Fighting       | 2 |  2.0
Dodging        | |  2.7
Unarmed Combat | |  3.5
Shapeshifting  | |  3.4

Action                     |  1- 3 |  4- 6 || total
---------------------------+-------+-------++-------
  Melee: Unarmed           |    62 |    18 ||    80
         Constrict         |    15 |     5 ||    20
         Tentacles         |    10 |     3 ||    13
         Punch             |       |     1 ||     1
   Stab: Sleeping          |     8 |     5 ||    13
 Armour: Skin              |    12 |       ||    12
  Dodge: Dodged            |    28 |     9 ||    37

Table legend: (Time is in decaauts)
 A = Elapsed time spent in this place.
 B = Non-inter-level travel time spent in this place.
 C = Inter-level travel time spent in this place.
 D = Time resting spent in this place.
 E = Time spent auto-exploring this place.
 F = Levels seen in this place.
 G = Mean time per level.
                   A        B        C        D        E       F      G
               +--------+--------+--------+--------+--------+-----+--------+
         Total |   1641 |   1574 |     67 |    109 |   1215 |   3 |  547.0 |
       Dungeon |   1641 |   1574 |     67 |    109 |   1215 |   3 |  547.0 |
               +--------+--------+--------+--------+--------+-----+--------+

Top non-repeatable levels by time:
     D:2: 832 daAuts
     D:1: 803 daAuts
     D:3: 5 daAuts
